 Dungeon Crawl Stone Soup version 0.30.1-11-g7821555f0a (webtiles) character file.

Game seed: 17888570900923363855

5957 jagang the Carver (level 11, -3/87 HPs)
             Began as a Human Monk on Dec 27, 2023.
             Was a Believer of the Shining One.
             Slain by an orc warrior
             ... wielding a +0 halberd
              (10 damage)
             ... on level 10 of the Dungeon.
             The game lasted 00:23:26 (9297 turns).

jagang the Carver (Human Monk)                      Turns: 9297, Time: 00:23:27

Health: -3/87      AC: 20    Str: 13    XL:     11   Next: 9%
Magic:  14/14      EV:  5    Int: 10    God:    the Shining One [**....]
Gold:   382        SH:  0    Dex: 25    Spells: 10/10 levels left

rFire   . . .        a - +2 scimitar (protect)
rCold   . . .        (no shield)
rNeg    + . .        P - +0 plate armour
rPois   .            n - +2 helmet
rElec   .            s - +1 cloak
rCorr   .            (no gloves)
SInv    .            p - +0 pair of boots
Will    +....        J - amulet of regeneration Stlth
                     f - ring of willpower
HPRegen 1.14/turn    r - +6 ring of dexterity
MPRegen 0.14/turn

%: no passive effects
@: glowing
A: no striking features
a: Renounce Religion, Divine Shield


You were on level 10 of the Dungeon.
You worshipped the Shining One.
The Shining One was pleased with you.
You visited 2 branches of the dungeon, and saw 11 of its levels.
You also visited: Sewer.

You collected 382 gold pieces.

Inventory:

Hand Weapons
 a - a +2 scimitar of protection (weapon)
 y - a +4 dagger of flaming
Missiles
 D - 4 poisoned darts (quivered)
 H - 4 curare-tipped darts
 M - 5 throwing nets
 O - 4 javelins
 R - 2 boomerangs
 S - 2 silver boomerangs
Armour
 e - a +1 ring mail of cold resistance
 n - a +2 helmet (worn)
 p - a +0 pair of boots (worn)
 s - a +1 cloak (worn)
 P - a +0 plate armour (worn)
Jewellery
 d - a ring of ice
 f - a ring of willpower (left hand)
 i - a +4 ring of protection
 r - a +6 ring of dexterity (right hand)
 J - an amulet of regeneration (around neck)
 W - a +6 ring of intelligence
 Z - a ring of wizardry
Wands
 g - a wand of flame (24)
 m - a wand of acid (7)
 q - a wand of roots (21)
 X - a wand of polymorph (3)
Scrolls
 h - 7 scrolls of teleportation
 j - 5 scrolls of vulnerability
 k - 3 scrolls of magic mapping
 u - a scroll of blinking
 w - 2 scrolls of fog
 z - a scroll of poison
 C - a scroll of enchant armour
 I - 2 scrolls of fear {unknown}
Potions
 b - a potion of cancellation
 l - a potion of brilliance {unknown}
 o - 2 potions of lignification {unknown}
 v - 3 potions of haste {unknown}
 x - a potion of invisibility {unknown}
 A - 2 potions of magic {unknown}
 B - 2 potions of berserk rage {unknown}
 F - 2 potions of attraction {unknown}
 G - 2 potions of might {unknown}
 N - a potion of mutation {unknown}
 Q - a potion of degeneration {unknown}
 T - a potion of resistance


   Skills:
 + Level 8.6 Fighting
 + Level 8.6 Long Blades
 + Level 6.5 Throwing
 + Level 7.9 Armour
 - Level 3.0 Dodging
 + Level 4.6 Invocations


You had 10 spell levels left.
You didn't know any spells.
Your spell library contained the following spells:

 Spells                   Type           Power      Damage    Failure   Level
 Apportation              Tloc           0%         N/A       100%        1
 Ensorcelled Hibernation  Hex/Ice        0%         N/A       100%        2
 Passwall                 Tmut/Erth      0%         N/A       100%        2
 Scorch                   Fire           0%         2d5       100%        2
 Frozen Ramparts          Ice            0%         1d1       100%        3
 Gell's Gravitas          Tloc           0%         N/A       100%        3
 Ozocubu's Armour         Ice            0%         N/A       100%        3
 Swiftness                Air            0%         N/A       100%        3
 Teleport Other           Tloc           0%         N/A       100%        3
 Animate Armour           Summ/Erth      0%         N/A       100%        4
 Flame Wave               Conj/Fire      0%         2d4       100%        4
 Ice Form                 Ice/Tmut       0%         N/A       100%        4
 Summon Ice Beast         Ice/Summ       0%         N/A       100%        4
 Alistair's Intoxication  Tmut/Pois      0%         N/A       100%        5
 Blade Hands              Tmut           0%         N/A       100%        5
 Metabolic Englaciation   Hex/Ice        0%         N/A       100%        5
 Dispersal                Tloc           0%         N/A       100%        6
 Iron Shot                Conj/Erth      0%         9d1       100%        6
 Simulacrum               Ice/Necr       0%         N/A       100%        6
 Summon Cactus Giant      Summ           0%         N/A       100%        6


Dungeon Overview and Level Annotations

Branches:
Dungeon (10/15)            Temple (1/1) D:7            Lair (0/5) D:9
  Sewer (visited)
    Orc: D:9-12

Altars:
Ashenzari
Cheibriados
Dithmenos
Elyvilon
Fedhas
Gozag
Hepliaklqana
Kikubaaqudgha
Makhleb
Nemelex Xobeh
Okawaru
Qazlal
Ru
Sif Muna
Trog
Uskayaw
Vehumet
Wu Jian
Xom
Yredelemnul
Zin
The Shining One


Message History

The yak gores you but does no damage.
You slash the yak!
The yak is heavily wounded.
The orc warrior hits you from afar with a +0 halberd.
* * * LOW HITPOINT WARNING * * *
The yak gores you!
* * * LOW HITPOINT WARNING * * *
You slash the yak!
The yak is almost dead.
The orc warrior hits you but does no damage.
The yak gores you but does no damage.
You are confused.
You feel invigorated. The orc warrior barely misses you. The yak gores you.
* * * LOW HITPOINT WARNING * * *
The orc warrior hits you but does no damage.
The yak gores you but does no damage.
The orc warrior hits you but does no damage.
The yak gores you but does no damage. The orc warrior completely misses you.
The yak gores you but does no damage.
The orc warrior hits you from afar with a +0 halberd.
* * * LOW HITPOINT WARNING * * *
The yak gores you.
* * * LOW HITPOINT WARNING * * *
The orc warrior hits you but does no damage.
The yak gores you.
* * * LOW HITPOINT WARNING * * *
The orc warrior hits you but does no damage.
The yak gores you.
* * * LOW HITPOINT WARNING * * *
The orc warrior hits you from afar with a +0 halberd.
* * * LOW HITPOINT WARNING * * *
The yak gores you!
* * * LOW HITPOINT WARNING * * *
You feel less invigorated.
You feel less confused.
The orc warrior hits you from afar with a +0 halberd!
* * * LOW HITPOINT WARNING * * *
The yak barely misses you.
The orc warrior hits you from afar with a +0 halberd!
You die...

..........
..#######.
##..# ..#
.$.# ..#
...# ..#
...# ..#
####+###..#
..#
.......#..#
..#
......o#..#
..#
.....Y.#@.#
..#
......oY).#
..#
......o#..#
..#
.......#..#
..####
...#####..#
...... ..
#......#
...... .
#......#
......#
#......#
####..#
#......#


You could see a yak, an orc warrior and an orc.

Vanquished Creatures
  Joseph (D:7)
  Maggie (D:7)
  An unseen horror (D:9)
  2 trolls
  A hornet (D:8)
  2 yaks (D:10)
  2 vampires (D:10)
  2 steam dragons (D:7)
  An acid dragon (D:9)
  3 water moccasins
  3 ice beasts
  A black bear (D:8)
  An orc warrior (D:9)
  3 ogres
  A sky beast (D:8)
  3 centaurs
  A phantom (D:3)
  2 bullfrogs
  2 gnoll sergeants
  7 scorpions
  3 wights (D:8)
  4 howler monkeys
  A jelly (D:6)
  2 hounds
  4 orc priests
  Crazy Yiuf (D:3)
  3 gnoll boudas
  3 iguanas
  A sleepcap (D:6)
  Jessica (D:2)
  9 orc wizards
  20 gnolls
  2 river rats (D:3)
  11 adders
  2 dart slugs
  30 orcs
  12 ball pythons
  3 endoplasms
  4 giant cockroaches
  7 goblins
  5 hobgoblins
  9 jackals
  10 kobolds
  4 quokkas
  4 bats
  3 frilled lizards
  8 rats
206 creatures vanquished.

Notes
Turn   | Place    | Note
-------+----------+-------------------------------------------
     0 | D:1      | jagang the Human Monk began the quest for the Orb.
     0 | D:1      | Reached XP level 1. HP: 18/18 MP: 1/1
   117 | D:1      | Reached XP level 2. HP: 24/24 MP: 2/2
   131 | D:1      | Reached skill level 1 in Armour
   368 | D:1      | Found a faded altar of an unknown god.
   386 | D:1      | Reached XP level 3. HP: 29/29 MP: 3/3
   826 | D:2      | Found an ornate altar of the Wu Jian Council.
   988 | D:2      | Reached XP level 4. HP: 35/35 MP: 4/4
  1420 | D:2      | Noticed Jessica
  1425 | D:2      | Killed Jessica
  1621 | D:3      | Found a glowing drain.
  1624 | D:3      | Reached XP level 5. HP: 42/42 MP: 5/5
  1668 | Sewer    | Entered a sewer
  1671 | Sewer    | Noticed a water moccasin
  1687 | Sewer    | Killed a water moccasin
  1688 | Sewer    | Reached XP level 6. HP: 3/49 MP: 6/6
  1688 | Sewer    | HP: 1/49 [poisoned by a water moccasin]
  2210 | D:3      | Found a runed translucent door.
  2211 | D:3      | Noticed Crazy Yiuf
  2552 | D:3      | Killed Crazy Yiuf
  2553 | D:3      | Reached XP level 7. HP: 23/52 MP: 7/7
  2729 | D:4      | Reached skill level 5 in Long Blades
  2732 | D:4      | Reached skill level 5 in Fighting
  3252 | D:4      | Reached skill level 1 in Throwing
  3252 | D:4      | Reached XP level 8. HP: 39/63 MP: 8/8
  3569 | D:5      | Entered Level 5 of the Dungeon
  3979 | D:5      | Reached skill level 5 in Armour
  4468 | D:6      | Reached XP level 9. HP: 70/71 MP: 9/9
  4996 | D:6      | Found an ancient bone altar of Kikubaaqudgha.
  5241 | D:7      | Found a staircase to the Ecumenical Temple.
  5259 | Temple   | Entered the Ecumenical Temple
  5355 | Temple   | Became a worshipper of the Shining One
  5355 | Temple   | Reached * piety under the Shining One
  5355 | Temple   | Reached ** piety under the Shining One
  5657 | D:7      | Noticed Joseph
  5692 | D:7      | Killed Joseph
  5783 | D:7      | Noticed Maggie
  5809 | D:7      | Killed Maggie
  5810 | D:7      | Reached skill level 5 in Throwing
  5810 | D:7      | Reached skill level 1 in Invocations
  5810 | D:7      | Reached XP level 10. HP: 71/79 MP: 9/11
  6438 | D:8      | Paralysed by a hornet for 2 turns
  6809 | D:8      | Found a sacrificial altar of Ru.
  6942 | D:8      | Found an opulent altar of Gozag.
  6943 | D:8      | Found a snail-covered altar of Cheibriados.
  6944 | D:8      | Found a stormy altar of Qazlal.
  6944 | D:8      | Found a basalt altar of Yredelemnul.
  7988 | D:9      | Noticed an unseen horror
  8007 | D:9      | Killed an unseen horror
  8130 | D:9      | Found a staircase to the Lair.
  8770 | D:10     | Entered Level 10 of the Dungeon
  9115 | D:10     | Reached XP level 11. HP: 87/87 MP: 14/14
  9272 | D:10     | Reached *** piety under the Shining One
  9297 | D:10     | Slain by an orc warrior

Illustrated notes

Levels and vault maps discovered:
D:1:      onia_arrival_pentagram, layout_basic,
          hellmonk_ecumenical_altar_zigzags, dreamdust_princess_bridge
D:2:      wad_crossroads, layout_basic, basic_altar, uniq_jessica
D:3:      layout_loops_ring, portal_sewer_entry_a, corexii_corridor_pit,
          kennysheep_generic_room_12, uniq_crazy_yiuf_cottage
D:4:      layout_rooms
D:5:      layout_loops_ring, chequers_avenue
D:6:      layout_cave_pools, kiku_gazebo_pond_becter
D:7:      layout_basic, minmay_temple_entry_proselytizer,
          kennysheep_cross_bottleneck, uniq_maggie, uniq_joseph
D:8:      layout_rooms, mainiacjoe_overflow_alcove_3,
          nicolae_ru_sacrificial_ziggurat
D:9:      layout_long_grid, dpeg_oklobed_lair
D:10:     layout_irregular_city, minmay_variable_closet
Temple:   minmay_temple_bridge_d

Skill      XL: |  1  2  3  4  5  6  7  8  9 10 |
---------------+-------------------------------+-----
Armour         | 1 2 3 4 5 6 7 |  7.9
Fighting       | 4 5 6 7 8 |  8.6
Long Blades    | 4 5 6 7 8 |  8.6
Throwing       | 1 3 5 6 |  6.5
Invocations    | 1 4 |  4.6
Dodging        | |  3.0

Action                     |  1- 3 |  4- 6 |  7- 9 | 10-12 || total
---------------------------+-------+-------+-------+-------++-------
  Melee: Falchion          |    76 |    82 |       |    56 ||   214
         Dagger            |       |    60 |   403 |    45 ||   508
         Punch             |       |       |     6 |     2 ||     8
         Long sword        |       |       |       |    76 ||    76
         Scimitar          |       |       |       |    59 ||    59
  Throw: Boomerang         |       |       |    50 |       ||    50
         Dart              |       |       |     4 |     4 ||     8
         Throwing net      |       |       |     1 |       ||     1
 Invoke: Cleansing Flame   |       |       |       |     1 ||     1
    Use: Scroll            |       |     2 |     3 |    12 ||    17
         Potion            |       |     3 |       |     1 ||     4
 Armour: Scale mail        |    34 |    65 |   109 |       ||   208
         Chain mail        |       |       |    85 |   139 ||   224
         Plate armour      |       |       |       |    85 ||    85
  Dodge: Dodged            |    33 |    76 |   160 |    91 ||   360
